 Dungeon Crawl Stone Soup version 0.27-a0-1188-g73eefd5def (webtiles) character file.

Game seed: 1419520688379760356

129738 st0uf the Earth Mage (level 17, -5/92 HPs)
             Began as a Gargoyle Earth Elementalist on May 21, 2021.
             Was an Elder of Vehumet.
             Slain by a boulder beetle (35 damage)
             ... on level 13 of the Dungeon.
             The game lasted 02:15:41 (32437 turns).

st0uf the Earth Mage (Gargoyle Earth Elementalist) Turns: 32437, Time: 02:15:42

Health: -5/92      AC: 27    Str: 11    XL:     17   Next: 6%
Magic:  9/34       EV: 15    Int: 24    God:    Vehumet [****..]
Gold:   1584       SH: 10    Dex: 10    Spells: 20/42 levels left

rFire    . . .     SeeInvis +   F - staff of earth
rCold    + + +     Faith    .   w - +0 buckler
rNeg     + . .     Spirit   .   X - +4 skin of Zhor {*Englaciate rC+++ SInv}
rPois    ∞         Reflect  +   x - +1 helmet
rElec    +         Harm     .   y - +0 cloak
rCorr    .         Rampage  .   o - +0 pair of gloves
Will     ++...                  i - +1 pair of boots
Stlth    +++.......             D - amulet of reflection
HPRegen  0.25/turn              E - +4 ring of evasion
MPRegen  0.24/turn              z - ring of willpower

@: flying, studying Evocations
A: sickness immunity, AC +12, big wings, negative energy resistance 1,
electricity resistance, torment resistance 1, petrification resistance
a: Renounce Religion


You were on level 13 of the Dungeon.
You worshipped Vehumet.
Vehumet was greatly pleased with you.
You visited 3 branches of the dungeon, and saw 22 of its levels.

You collected 1584 gold pieces.

Inventory:

Missiles
 b - 286 stones
 C - 2 throwing nets
Armour
 i - a +1 pair of boots (worn)
 o - a +0 pair of gloves (worn)
 w - a +0 buckler (worn)
 x - a +1 helmet (worn)
 y - a +0 cloak (worn)
 I - a +0 kite shield
 X - the +4 skin of Zhor (worn) {*Englaciate rC+++ SInv}
   (You found it on level 4 of the Lair of Beasts)

   It renders you almost immune to cold.
   It lets you see invisible.
Magical Staves
 F - a staff of earth (weapon)
Jewellery
 k - a ring of protection from cold
 q - a +4 ring of protection
 z - a ring of willpower (right hand)
 D - an amulet of reflection (around neck)
 E - a +4 ring of evasion (left hand)
 R - a ring of positive energy
Wands
 c - a wand of iceblast (7)
 B - a wand of polymorph (10)
 G - a wand of digging (11)
 P - a wand of mindburst (12)
 S - a wand of paralysis (20)
 U - a wand of acid (15)
 W - a wand of flame (48)
 Z - a wand of charming (15)
Scrolls
 a - 11 scrolls of fog {unknown}
 d - 5 scrolls of brand weapon {unknown}
 e - 4 scrolls of fear {unknown}
 g - 2 scrolls of silence
 h - a scroll of enchant weapon
 l - 5 scrolls of noise {unknown}
 r - 2 scrolls of magic mapping
 s - 4 scrolls of amnesia {unknown}
 u - 6 scrolls of teleportation {unknown}
 H - 4 scrolls of immolation {unknown}
 J - a scroll of holy word
 L - 5 scrolls of enchant armour
 Q - 3 scrolls of acquirement
 T - 3 scrolls of torment
 V - 7 scrolls of blinking {unknown}
Potions
 j - 3 potions of haste
 m - 8 potions of curing
 n - 4 potions of mutation
 p - 5 potions of heal wounds
 t - 4 potions of lignification
 v - a potion of might
 A - a potion of ambrosia
 K - 2 potions of cancellation
 M - 3 potions of berserk rage
 N - a potion of resistance
 O - 2 potions of brilliance
 Y - a potion of invisibility
Miscellaneous
 f - a lightning rod (4/4)


   Skills:
 + Level 5.6 Fighting
 + Level 11.0 Armour
 - Level 1.5 Dodging
 + Level 5.0 Stealth
 + Level 5.5 Shields
 + Level 13.4 Spellcasting
 + Level 13.7 Conjurations
 + Level 1.2 Transmutations
 + Level 15.8 Earth Magic
 * Level 10.1 Evocations


You had 20 spell levels left.
You knew the following spells:

 Your Spells              Type           Power      Damage    Failure   Level
a - Sandblast             Erth           100%       2d20      0%          1
b - Stone Arrow           Conj/Erth      100%       3d13      1%          3
c - Passwall              Tmut/Erth      60%        N/A       1%          2
d - Lee's Rapid Deconstr  Erth           47%        3d24*     1%          5
e - Iskenderun's Battles  Conj           70%        2d12      1%          5
f - Iron Shot             Conj/Erth      46%        9d9       1%          6

Your spell library contained the following spells:

 Spells                   Type           Power      Damage    Failure   Level
 Conjure Ball Lightning   Conj/Air       24%        3x3d7     10%         6
 Magic Dart               Conj           100%       1d8       0%          1
 Searing Ray              Conj           100%       3d7       0%          2
 Foxfire                  Conj/Fire      100%       2x1d9     1%          1
 Shock                    Conj/Air       100%       1d9       1%          1
 Static Discharge         Conj/Air       49%        N/A       1%          2
 Conjure Flame            Conj/Fire      49%        6-21      1%          3
 Dazzling Flash           Conj/Hex       98%        N/A       1%          3
 Fulminant Prism          Conj/Hex       24%        3d13      1%          4
 Iskenderun's Mystic Bla  Conj/Tloc      49%        2d11      1%          4
 Petrify                  Tmut/Erth      72%        N/A       1%          4
 Sticky Flame             Conj/Fire      49%        2d7       1%          4
 Bolt of Magma            Conj/Fire/Erth 38%        4d16      1%          5
 Fireball                 Conj/Fire      24%        3d11      1%          5
 Lightning Bolt           Conj/Air       24%        1d40      1%          5
 Corona                   Hex            17%        N/A       3%          1
 Summon Small Mammal      Summ           64%        N/A       3%          1
 Inner Flame              Hex/Fire       16%        N/A       3%          3
 Orb of Destruction       Conj           35%        9d13      3%          7
 Call Imp                 Summ           16%        N/A       5%          2
 Corpse Rot               Necr/Air       N/A        N/A       5%          2
 Ensorcelled Hibernation  Hex/Ice        32%        N/A       5%          2
 Starburst                Conj/Fire      24%        8x6d8     10%         6
 Call Canine Familiar     Summ           16%        N/A       11%         3
 Confusing Touch          Hex            16%        N/A       11%         3
 Summon Guardian Golem    Hex/Summ       16%        N/A       11%         3
 Swiftness                Air            16%        N/A       11%         3
 Tukima's Dance           Hex            16%        N/A       11%         3
 Passage of Golubria      Tloc           N/A        N/A       36%         4
 Summon Ice Beast         Ice/Summ       16%        N/A       36%         4
 Summon Lightning Spire   Summ/Air       16%        N/A       36%         4
 Spellforged Servitor     Conj/Summ      24%        N/A       41%         7
 Shatter                  Erth           47%        3d36*     78%         9
 Invisibility             Hex            16%        N/A       99%         6
 Ignition                 Fire           8%         3d5       100%        8
 Tornado                  Air            8%         N/A       100%        9


Dungeon Overview and Level Annotations

Branches:
Dungeon (15/15)            Temple (0/1) D:4            Lair (6/6) D:10
 Shoals (0/4) Lair:4       Spider (0/4) Lair:3        Slime (1/5) Lair:5
    Orc (0/2) D:11         Vaults (0/5) D:13         Depths (0/5) D:15

Altars:
Cheibriados
Elyvilon
Fedhas
Gozag
Hepliaklqana
Kikubaaqudgha
Nemelex Xobeh
Sif Muna
Vehumet
Wu Jian
Xom
Yredelemnul
Zin
The Shining One

Shops:
D:13 !:

Annotations:
D:8 exclusion: door
D:12 2 transporters, Zugir's ghost, journeyman MiBe
D:13 1 transporter


Innate Abilities, Weirdness & Mutations

You are immune to sickness and miasma.
Your stone body is resilient. (AC +12)
You are immune to poison.
Your large and strong wings let you fly.
You resist negative energy. (rN+)
You are resistant to electric shocks. (rElec)
You are resistant to unholy torment.
You are immune to petrification.


Message History

Confirm with . or Enter, or press ? or * to list all spells.
Aiming: Iron Shot (dangerous; 1% risk of failure)
Press: ? - help, Shift-Dir - straight line, f/p - phantasmal warrior
Aim: a phantasmal warrior (lightly damaged, 78% to hit)
You feel a surge of power!
The iron shot misses the phantasmal warrior.
The phantasmal warrior blinks!
The phantasmal warrior blinks!
Things that are here:
a +0 shortbow; 16 arrows; a shapeshifter corpse You see here 16 stones.
You radiate an aura of cold.
The phantasmal warrior is unaffected.
The boulder beetle resists.
The boulder beetle leaps!
You see here a scroll labelled IDECEA XAOV.
a - 11 scrolls labelled IDECEA XAOV (gained 1)
You block the phantasmal warrior's attack.
You block the phantasmal warrior's attack.
You see here a manual of Evocations.
You pick up a manual of Evocations and begin studying.
The phantasmal warrior hits you but does no damage.
The boulder beetle curls into a ball and begins rolling!
You radiate an aura of cold.
The phantasmal warrior is unaffected.
The boulder beetle seems to slow down.
The phantasmal warrior blinks!
You see here a scroll labelled PAJIME ECOHAJU.
d - 5 scrolls labelled PAJIME ECOHAJU (gained 1)
The boulder beetle is no longer moving slowly.
The phantasmal warrior hits you!
You see here 16 gold pieces.
You now have 1584 gold pieces (gained 16).
The phantasmal warrior barely misses you.
You block the boulder beetle's attack.
The boulder beetle stops rolling and uncurls.
The boulder beetle completely misses you.
The phantasmal warrior blinks!
The boulder beetle curls into a ball and begins rolling!
The phantasmal warrior hits you!!
The phantasmal warrior blinks!
The phantasmal warrior blinks!
The boulder beetle hits you!!
You die...

####### #.###.#.#........####'
#.....# #..##+#....#####.####.
###.....#####.#......## #....#.
........'.............########.#.
###.....####..#.....©......#...#.
# #.....# #....#########..#...#.
# ####### #.#.##8.....8##.#...#.
# #.#.#©.....?..#.###.#. #
#.#.#@##...##.#.# #.#. #
#.#.#B##...##.#.###.#. #
#.#.#.○°.©....#.....#.
############.#.#.##W..##.#.#####.
##.............#.##°.§##.#..#....
##.#########.#.#..○....)†#.......
##.# #<#.#.##8§...(8##....###
##.#######.#.#..#########.....#..
........##.#.^......©.........#.#


You could see a boulder beetle (rolling).

Vanquished Creatures
  Rupert (Lair:5)
  Agnes (D:14)
  Kirke (D:14)
  A very ugly thing (D:14)
  Nessos (Lair:5)
  Azrael (D:14)
  The ghost of Waut the Nimble, a journeyman TeGl of Uskayaw (D:13)
  11 hydras
  Erolcha (D:11)
  2 boulder beetles
  A catoblepas (Lair:4)
  3 centaur warriors
  2 dancing weapons (D:13)
  3 two-headed ogres
  A merfolk avatar (Lair:6)
  A vampire mage (D:15)
  A tengu warrior (D:14)
  Urug (D:11)
  Nergalle (Lair:2)
  A deep elf knight (D:15)
  A fire crab (D:13)
  5 skeletal warriors
  A fire crab (shapeshifter) (D:13)
  A sea snake (Lair:6)
  2 wizards
  A lindwurm (Lair:3)
  A necromancer (D:15)
  A wolf spider (D:14)
  An orc knight (D:15)
  5 ugly things
  A frost giant zombie (D:15)
  5 cyclopes
  4 manticores
  A stone giant zombie (D:15)
  11 elephants
  A spectral centaur (D:15)
  A guardian serpent (D:13)
  6 centaur zombies
  A frost giant skeleton (D:15)
  7 black mambas
  Maurice (D:11)
  A gargoyle (D:13)
  12 cane toads
  A torpor snail (Lair:6)
  8 rime drakes
  A kobold demonologist (D:11)
  A yaktaur (D:15)
  A tengu conjurer (D:14)
  19 komodo dragons
  A guardian mummy (D:15)
  3 jumping spiders (Lair:3)
  4 trolls
  4 polar bears
  4 hornets
  3 wind drakes (Lair:6)
  26 blink frogs
  3 dream sheep (Lair:6)
  16 slime creatures
  A centaur simulacrum (D:14)
  A shadow (D:13)
  A water elemental (D:11)
  An ice dragon skeleton (D:15)
  A tarantella (shapeshifter) (D:15)
  59 yaks
  8 wyverns
  3 wraiths
  4 fire elementals (D:14)
  A golden eye (shapeshifter) (D:15)
  3 hogs (D:14)
  6 basilisks
  2 humans (D:14)
  7 vampire mosquitoes
  An acid dragon (D:9)
  22 water moccasins
  3 hell hounds (D:14)
  2 sky beasts
  10 orc warriors
  A hornet zombie (D:6)
  4 black bears
  5 ogres
  17 centaurs
  9 wolves
  2 phantoms
  8 bullfrogs
  2 wyvern zombies
  3 scorpions
  2 water moccasin skeletons
  11 killer bees
  4 wights (D:7)
  2 electric eels (D:11)
  3 howler monkeys (D:12)
  3 jellies
  4 hounds
  Crazy Yiuf (D:5)
  3 orc priests
  A bullfrog skeleton (D:5)
  2 centaur skeletons
  2 gnoll shamans
  Terence (D:3)
  An iguana (D:6)
  14 orc wizards
  4 hell rats (Lair:4)
  4 howler monkey zombies
  3 adders
  28 gnolls
  2 howler monkey skeletons
  2 shadow imps
  2 white imps (D:6)
  An adder zombie (D:4)
  6 worms
  3 dart slugs
  48 orcs
  6 endoplasms
  2 giant cockroaches (D:1)
  9 hobgoblins
  12 jackals
  2 quokkas
  5 ball pythons
  5 bats
  3 frilled lizards
  7 goblins
  8 kobolds
  2 rats
607 creatures vanquished.

Vanquished Creatures (others)
  A slime creature (D:14)
  A hog (D:14)
  An orc (D:11)
  A bush (Lair:6)
  92 fungi
  103 plants
  A withered plant (D:15)
200 creatures vanquished.

Grand Total: 807 creatures vanquished

Notes
Turn   | Place    | Note
-------+----------+-------------------------------------------
     0 | D:1      | st0uf the Gargoyle Earth Elementalist began the quest for
                  | the Orb.
     0 | D:1      | Reached XP level 1. HP: 10/10 MP: 3/3
   245 | D:1      | Reached skill level 4 in Earth Magic
   254 | D:1      | Reached XP level 2. HP: 15/15 MP: 5/5
  1153 | D:2      | Reached XP level 3. HP: 19/19 MP: 6/6
  1186 | D:2      | Learned a level 3 spell: Stone Arrow
  1522 | D:2      | Reached XP level 4. HP: 19/24 MP: 3/7
  1573 | D:2      | Reached skill level 1 in Fighting
  1865 | D:2      | Found a radiant altar of Vehumet.
  1871 | D:2      | Became a worshipper of Vehumet
  2280 | D:3      | Reached skill level 1 in Armour
  2280 | D:3      | Reached skill level 1 in Conjurations
  2288 | D:3      | Reached skill level 5 in Earth Magic
  2288 | D:3      | Reached XP level 5. HP: 26/29 MP: 8/8
  2596 | D:3      | Noticed Terence
  2607 | D:3      | Killed Terence
  2717 | D:3      | Found a faded altar of an unknown god.
  3193 | D:4      | Noticed a sky beast
  3206 | D:4      | Killed a sky beast
  3207 | D:4      | Reached XP level 6. HP: 20/34 MP: 6/10
  3700 | D:4      | Identified the Grimoire of Fiery Air
  3721 | D:4      | Found a radiant altar of Vehumet.
  3747 | D:4      | Found an ancient bone altar of Kikubaaqudgha.
  3764 | D:4      | Found a shimmering blue altar of Sif Muna.
  3772 | D:4      | Reached XP level 7. HP: 27/39 MP: 4/12
  3780 | D:4      | Identified Sif Muna's Handbook of Summoning
  3920 | D:4      | Found a staircase to the Ecumenical Temple.
  4172 | D:4      | Reached skill level 6 in Earth Magic
  4189 | D:4      | Reached * piety under Vehumet
  4189 | D:4      | Offered knowledge of Magic Dart by Vehumet.
  5008 | D:5      | Entered Level 5 of the Dungeon
  5100 | D:5      | Noticed a yak
  5130 | D:5      | Killed a yak
  5131 | D:5      | Reached XP level 8. HP: 35/45 MP: 10/14
  5645 | D:5      | Reached skill level 5 in Armour
  5709 | D:5      | Noticed a yak
  5724 | D:5      | Killed a yak
  5860 | D:5      | Noticed a yak
  5860 | D:5      | Noticed a yak
  5873 | D:5      | Killed a yak
  5874 | D:5      | Noticed a yak
  5881 | D:5      | Noticed a yak
  5883 | D:5      | Killed a yak
  6261 | D:5      | Killed a yak
  6262 | D:5      | Reached skill level 5 in Spellcasting
  6262 | D:5      | Reached skill level 7 in Earth Magic
  6262 | D:5      | Reached XP level 9. HP: 51/51 MP: 10/16
  6371 | D:5      | Found a snail-covered altar of Cheibriados.
  6571 | D:5      | Found a runed translucent door.
  6572 | D:5      | Noticed Crazy Yiuf
  6581 | D:5      | Killed Crazy Yiuf
  6794 | D:5      | Found a white marble altar of Elyvilon.
  6972 | D:6      | Found a glowing golden altar of the Shining One.
  6973 | D:6      | Found a basalt altar of Yredelemnul.
  7325 | D:6      | Reached ** piety under Vehumet
  7325 | D:6      | Offered knowledge of Static Discharge by Vehumet.
  7380 | D:6      | Reached skill level 5 in Conjurations
  7848 | D:6      | Found a shimmering altar of Xom.
  7851 | D:6      | Found an ornate altar of the Wu Jian Council.
  7854 | D:6      | Found a sparkling altar of Nemelex Xobeh.
  7855 | D:6      | Found a hazy altar of Hepliaklqana.
  8087 | D:6      | Learned a level 2 spell: Passwall
  8392 | D:6      | Noticed a cyclops
  8424 | D:6      | Reached skill level 8 in Earth Magic
  8747 | D:6      | Offered knowledge of Poisonous Vapours by Vehumet.
  8904 | D:6      | Killed a cyclops
  8905 | D:6      | Reached skill level 1 in Evocations
  8905 | D:6      | Reached XP level 10. HP: 36/56 MP: 10/19
  9129 | D:6      | Reached skill level 1 in Shields
  9546 | D:7      | Reached *** piety under Vehumet
  9592 | D:7      | Reached skill level 9 in Earth Magic
  9930 | D:7      | Offered knowledge of Ignite Poison by Vehumet.
  9939 | D:7      | Learned a level 5 spell: Lee's Rapid Deconstruction
 10634 | D:8      | Noticed a boulder beetle
 11241 | D:9      | Reached **** piety under Vehumet
 11277 | D:9      | Reached skill level 10 in Earth Magic
 11423 | D:9      | Reached XP level 11. HP: 61/61 MP: 20/22
 11750 | D:9      | Offered knowledge of Hailstorm by Vehumet.
 11934 | D:9      | Noticed a two-headed ogre
 11939 | D:9      | Killed a two-headed ogre
 12111 | D:9      | Noticed a two-headed ogre
 12230 | D:9      | Killed a two-headed ogre
 12321 | D:10     | Entered Level 10 of the Dungeon
 12355 | D:10     | Found an opulent altar of Gozag.
 12396 | D:10     | Learned a level 5 spell: Iskenderun's Battlesphere
 12557 | D:10     | Noticed a manticore
 12565 | D:10     | Killed a manticore
 13240 | D:10     | Found a staircase to the Lair.
 13369 | D:10     | Found a glowing silver altar of Zin.
 13601 | Lair:1   | Entered Level 1 of the Lair of Beasts
 13839 | Lair:1   | Learned a level 6 spell: Iron Shot
 13851 | Lair:1   | Reached skill level 11 in Earth Magic
 14036 | Lair:1   | Reached skill level 1 in Transmutations
 14133 | Lair:1   | Reached XP level 12. HP: 55/66 MP: 6/24
 14308 | Lair:1   | Reached skill level 5 in Evocations
 14762 | Lair:2   | Noticed Nergalle
 14763 | Lair:2   | Noticed a five-headed hydra
 14777 | Lair:2   | Killed Nergalle
 15255 | Lair:2   | Reached skill level 10 in Conjurations
 15256 | Lair:2   | Reached ***** piety under Vehumet
 15448 | Lair:2   | Offered knowledge of Lightning Bolt by Vehumet.
 15455 | Lair:2   | Reached skill level 10 in Armour
 15517 | Lair:2   | Killed a five-headed hydra
 15532 | Lair:2   | Noticed an eight-headed hydra
 15608 | Lair:2   | Killed an eight-headed hydra
 15904 | Lair:2   | Noticed a seven-headed hydra
 15910 | Lair:2   | Killed a seven-headed hydra
 16700 | Lair:3   | Reached skill level 12 in Earth Magic
 16700 | Lair:3   | Reached XP level 13. HP: 70/70 MP: 24/26
 17109 | Lair:3   | Identified the +9 hunting sling "Hecel" {flame, rPois rC+
                  | rCorr}
 17124 | Lair:3   | Found a hole to the Spider Nest.
 17540 | Lair:4   | Reached skill level 10 in Spellcasting
 17603 | Lair:4   | Found a staircase to the Shoals.
 17775 | Lair:4   | Found the +4 skin of Zhor {*Englaciate rC+++ SInv}
 18671 | Lair:4   | Reached skill level 13 in Earth Magic
 19165 | Lair:5   | Noticed Rupert
 19318 | Lair:5   | Offered knowledge of Fulminant Prism by Vehumet.
 19674 | Lair:5   | Killed Rupert
 19675 | Lair:5   | Gained mutation: Your large and strong wings let you fly.
                  | [Gargoyle growth]
 19675 | Lair:5   | Reached XP level 14. HP: 14/76 MP: 6/28
 20489 | Lair:5   | Found a staircase to the Slime Pits.
 20493 | Lair:5   | Noticed Nessos
 20503 | Lair:5   | Killed Nessos
 20504 | Lair:5   | Reached skill level 5 in Fighting
 21382 | Lair:6   | Entered Level 6 of the Lair of Beasts
 21408 | Slime:1  | Entered Level 1 of the Pits of Slime
 21562 | Lair:5   | Reached skill level 14 in Earth Magic
 22516 | Lair:6   | Offered knowledge of Freezing Cloud by Vehumet.
 24537 | D:11     | Noticed Erolcha
 24541 | D:11     | Killed Erolcha
 24734 | D:11     | Noticed Urug
 24761 | D:11     | Reached XP level 15. HP: 76/82 MP: 15/31
 24767 | D:11     | Found a staircase to the Orcish Mines.
 24982 | D:11     | Killed Urug
 24992 | D:11     | Noticed Maurice
 25281 | D:11     | Killed Maurice
 26316 | D:12     | Found a transporter.
 26318 | D:12     | Noticed Zugir's ghost (journeyman MiBe)
 26326 | D:12     | Found a transporter.
 26937 | D:12     | Reached skill level 15 in Earth Magic
 27397 | D:12     | Found a blossoming altar of Fedhas.
 27781 | D:13     | Found a transporter.
 27782 | D:13     | Noticed Waut's ghost (journeyman TeGl)
 27805 | D:13     | Found a transporter.
 27944 | D:13     | Reached XP level 16. HP: 87/87 MP: 32/32
 27956 | D:13     | Found Vicu Ost's Book Boutique.
 27964 | D:13     | Found Bualemm's Distillery.
 28099 | D:13     | Found a gate to the Vaults.
 28607 | D:13     | Offered knowledge of Conjure Ball Lightning by Vehumet.
 29404 | D:14     | Noticed Agnes
 29407 | D:14     | Killed Agnes
 29408 | D:14     | Reached skill level 5 in Shields
 29797 | D:14     | Noticed Azrael
 29806 | D:14     | Killed Azrael
 30240 | D:14     | Noticed Kirke
 30345 | D:14     | Killed Kirke
 30556 | D:15     | Entered Level 15 of the Dungeon
 30984 | D:15     | Reached skill level 10 in Evocations
 31095 | D:15     | Found a staircase to the Depths.
 31207 | D:15     | Identified 3 scrolls of acquirement
 31975 | D:8      | Reached XP level 17. HP: 92/92 MP: 22/34
 32412 | D:13     | Killed Waut's ghost
 32413 | D:13     | Reached skill level 5 in Stealth
 32437 | D:13     | Slain by a boulder beetle

Illustrated notes

Levels and vault maps discovered:
D:1:      matt_arrival_spirals, layout_loops_ring
D:2:      layout_loops_ring, basic_altar, chequers_garden
D:3:      layout_rooms, hellmonk_ecumenical_altar_heavens_door,
          minmay_misc_feat_four_crosses, hangedman_decor_slide_cut, uniq_terence
D:4:      minmay_razor_zed, layout_loops_ring, palyth_temple_overflow_mages,
          temple_statues, chequers_serial_rivers_micro_e,
          minmay_misc_feat_doors, minmay_misc_feat_hallway
D:5:      layout_loops_ring, cheibrodos_worm_habitat, kennysheep_mini_moat,
          uniq_crazy_yiuf_cottage
D:6:      kennysheep_windowed_halls, layout_basic, grunt_temple_overflow_open,
          minivault_22, sigmund_army
D:7:      layout_loops_ring, minmay_misc_feat_enclosed
D:8:      layout_basic, kennysheep_potato
D:9:      layout_roguey, dk_vineyard_3, glass_columns_b
D:10:     layout_loops_ring, pdpol_temple_overflow_zin_treasury_gozag_greed,
          due_lair_maze_entry_diamond
D:11:     lemuel_flame_loot_2, layout_basic, erik_orc_2, hangedman_glass_teeth,
          uniq_maurice, uniq_erolcha, uniq_urug
D:12:     layout_roguey, gammafunk_ghost_arena, fedhas_altar_1
D:13:     layout_basic, erik_vaults_1, gammafunk_ghost_arena, serial_shops,
          nicolae_shop_trees, shop, nrook_guardian_serpent_double
D:14:     layout_irregular_city, kb_rosetta, uniq_azrael, uniq_agnes, uniq_kirke
D:15:     gammafunk_depths_entry_grave, layout_irregular_city, serial_glass,
          glass_columns_b, glass_columns_b, glass_columns_a, glass_columns_a,
          glass_columns_c, glass_columns_b, hangedman_weighted_door
Lair:1:   layout_big_grid, grunt_megastairs_1, infiniplex_staircase_pool_2
Lair:2:   layout_regular_city, serial_bayou_shore_b, lemuel_fruit_tree,
          uniq_nergalle
Lair:3:   layout_roguey, spider_nest_entry_a, lemuel_fruit_fields,
          serial_bayou_shore_b
Lair:4:   layout_misc_corridors, shoals_dummy_entry
Lair:5:   layout_hall_layers, slime_dummy, uniq_nessos, uniq_rupert
Lair:6:   gammafunk_lair_ancient_temple, layout_loops_ring
Slime:1:  nicolae_slime_pool, layout_caves

Skill      XL: |  1  2  3  4  5  6  7  8  9 10 11 12 13 14 15 16 17 |
---------------+----------------------------------------------------+-----
Earth Magic    | 4 5 6 7 8 10 11 12 13 14 15 | 15.8
Stealth        | 3 4 5 |  5.0
Fighting       | 1 2 3 4 5 |  5.6
Armour         | 1 2 4 6 7 8 9 10 11 | 11.0
Conjurations   | 1 2 3 4 6 7 8 10 11 12 13 | 13.7
Spellcasting   | 3 4 5 6 7 8 9 10 12 13 | 13.4
Evocations     | 1 3 4 5 7 8 9 10 | 10.1
Shields        | 1 2 3 4 5 |  5.5
Transmutations | 1 |  1.2
Dodging        | |  1.5

Action                   |  1- 3 |  4- 6 |  7- 9 | 10-12 | 13-15 | 16-18 || total
-------------------------+-------+-------+-------+-------+-------+-------++-------
Melee: Dagger            |   110 |       |       |       |       |       ||   110
       Spear             |       |   110 |   174 |       |       |       ||   284
       Staff             |       |       |       |   239 |   361 |   161 ||   761
 Cast: Sandblast         |    19 |    29 |    76 |    64 |    82 |     3 ||   273
       Stone Arrow       |       |       |    41 |   238 |   374 |    90 ||   743
       Passwall          |       |       |       |     2 |       |       ||     2
       Iron Shot         |       |       |       |       |    32 |    47 ||    79
       Lee's Rapid Decon |       |       |       |       |     9 |     5 ||    14
       Iskenderun's Batt |       |       |       |       |     3 |     3 ||     6
  Use: Scroll            |       |       |       |    10 |     9 |     5 ||    24
       Potion            |       |       |       |       |     1 |       ||     1
 Stab: Sleeping          |     7 |     2 |     1 |       |     1 |       ||    11
       Distracted        |       |     1 |       |       |     1 |     1 ||     3
Armor: Robe              |    45 |    24 |       |       |       |       ||    69
       Ring mail         |       |     7 |   128 |    47 |       |       ||   182
       Troll leather arm |       |       |       |    52 |    35 |       ||    87
       Animal skin       |       |       |       |       |   158 |    83 ||   241
Dodge: Dodged            |    68 |    45 |   137 |   235 |   316 |    70 ||   871
Block: Other             |       |       |    14 |    83 |   103 |       ||   200
       Reflection        |       |       |       |     2 |     3 |     4 ||     9
       Buckler           |       |       |       |       |       |    79 ||    79

Table legend: (Time is in decaauts)
 A = Elapsed time spent in this place.
 B = Non-inter-level travel time spent in this place.
 C = Inter-level travel time spent in this place.
 D = Time resting spent in this place.
 E = Time spent auto-exploring this place.
 F = Levels seen in this place.
 G = Mean time per level.
                   A        B        C        D        E       F      G
               +--------+--------+--------+--------+--------+-----+--------+
         Total |  32668 |  31065 |   1603 |   8453 |  15739 |  22 | 1484.9 |
       Dungeon |  21693 |  20528 |   1165 |   4499 |  11131 |  15 | 1446.2 |
          Lair |  10973 |  10535 |    438 |   3954 |   4608 |   6 | 1828.8 |
    Slime Pits |      1 |      1 |      0 |      0 |      0 |   1 |    1.0 |
               +--------+--------+--------+--------+--------+-----+--------+

Top non-repeatable levels by time:
  Lair:5: 2989 daAuts
     D:6: 2404 daAuts
     D:4: 2179 daAuts
  Lair:6: 2062 daAuts
    D:14: 1952 daAuts
    D:11: 1938 daAuts
  Lair:4: 1818 daAuts
     D:5: 1751 daAuts
  Lair:2: 1509 daAuts
    D:10: 1348 daAuts
    D:13: 1341 daAuts
  Lair:3: 1307 daAuts
  Lair:1: 1286 daAuts
     D:9: 1260 daAuts
    D:15: 1139 daAuts
